 Dungeon Sprint DCSS version 0.21-a0-278-ga722497 (webtiles) character file.

3487 Glitchraptor the Bludgeoner (level 9, 0/139 HPs)
             Began as a Green Draconian Berserker on Sept 22, 2017.
             Was a Priest of Trog.
             Slain by an unseen horror (1 damage)
             ... in the Dungeon (Sprint I: "Red Sonja").
             The game lasted 00:04:45 (1497 turns).

Glitchraptor the Bludgeoner (DrBe)                  Turns: 1497, Time: 00:04:46

Health: 0/139      AC:  7    Str: 25    XL:     9   Next: 80%
Magic:  9/9        EV: 19    Int:  7    God:    Trog [***...]
Gold:   960        SH:  0    Dex: 14    Spells: 8/8 levels left

rFire    . . .     SeeInvis .   a - +1 mace
rCold    . . .     Gourm    .   (no shield)
rNeg     . . .     Faith    .   (armour unavailable)
rPois    +         Spirit   .   (helmet restricted)
rElec    .         Reflect  .   (no cloak)
rCorr    .         Harm     .   (no gloves)
MR       .....     NoTele   +   (no boots)
Stlth    ..........             (no amulet)
HPRegen  0.33/turn              (no ring)
MPRegen  0.11/turn              (no ring)

@: berserking, very quick
A: breathe noxious fumes, unfitting armour, poison resistance, cold-blooded, AC
+7
a: Breathe Noxious Fumes, Berserk, Trog's Hand, Burn Spellbooks, Renounce
Religion


You were in the Dungeon.
You worshipped Trog.
Trog was most pleased with you.
You were near starving.

You visited 1 branch You collected 960 gold pieces.

Inventory:

Hand Weapons
 a - a +1 mace (weapon)
Wands
 d - a wand of iceblast (4/15)
Scrolls
 h - a scroll of blinking
 j - a scroll of remove curse
Potions
 c - 2 potions of curing
 e - a potion of haste
 f - 2 potions of magic


   Skills:
 + Level 13.2 Fighting
 + Level 15.0 Maces & Flails
 + Level 10.8 Dodging
 + Level 3.6 Stealth


You had 8 spell levels left.
You didn't know any spells.

Dungeon Overview and Level Annotations

Branches:
Dungeon (1/1)

Altars:
Cheibriados
Dithmenos
Elyvilon
Fedhas
Gozag
Hepliaklqana
Kikubaaqudgha
Makhleb
Nemelex Xobeh
Okawaru
Qazlal
Ru
Sif Muna
Trog
Uskayaw
Vehumet
Wu Jian
Xom
Yredelemnul
Zin
The Shining One
Jiyva
Lugonu

Shops:
D ([


Innate Abilities, Weirdness & Mutations

You can breathe blasts of noxious fumes.
Your lurid green scales are hard. (AC +7)
You cannot fit into any form of body armour.
Your system is resistant to poisons. (rPois)
You are cold-blooded and may be slowed by cold attacks.


Message History

Something hits your two-headed ogre!
Your two-headed ogre dies!
Your two-headed ogre's corpse disappears in a puff of smoke!
You have got your breath back.
Something hits you.
* * * LOW HITPOINT WARNING * * *
Something hits you.
* * * LOW HITPOINT WARNING * * *
You feel better. Something hits you but does no damage. Something hits you!
* * * LOW HITPOINT WARNING * * *
Okay, then.
A red film seems to cover your vision as you go berserk!
You feel yourself moving faster!
You feel mighty! Something hits you.
* * * LOW HITPOINT WARNING * * *
Something hits you.
* * * LOW HITPOINT WARNING * * *
Something hits you but does no damage.
Unknown command.
You hit something. Something hits you.
You die...

____##'#_))§§§§§'..#
.∩...'..._#≈§§§.#..#
..__##_.#'##'#####'###
____###'#.#.§).###.'.#
#######)####'###(###.#
+...'.....'.∩##†#
#...###########§#
###.###....{{§##§#
#.#'#.#....§@§§§§#
#.....#+++######.#
#.[().# #§# #######
+.# ###


There were no monsters in sight!

Vanquished Creatures
  2 centaur warriors (D)
  Sonja (D)
  A deep troll (D)
  A hornet (D)
  A slime creature (D)
  Sigmund (D)
  A yak (D)
  An ogre (D)
  A jelly (D)
  Ijyb (D)
  2 ballistomycetes (D)
13 creatures vanquished.

Vanquished Creatures (collateral kills)
  An oklob plant (D)
  2 redbacks (D)
3 creatures vanquished.

Vanquished Creatures (others)
  2 ballistomycete spores (D)
2 creatures vanquished.

Grand Total: 18 creatures vanquished

Notes
Turn   | Place    | Note
-------+----------+-------------------------------------------
     0 | D        | Glitchraptor the Draconian Berserker began the quest for the Orb.
     0 | D        | Reached XP level 1. HP: 19/19 MP: 1/1
     2 | D        | Noticed Ijyb
     7 | D        | Killed Ijyb
     7 | D        | Reached skill level 4 in Maces & Flails
     7 | D        | Reached XP level 2. HP: 28/28 MP: 2/2
    53 | D        | Noticed an ogre
    57 | D        | Killed an ogre
    57 | D        | Reached skill level 6 in Maces & Flails
    57 | D        | Reached skill level 5 in Dodging
    57 | D        | Reached XP level 3. HP: 37/37 MP: 3/3
    57 | D        | Reached XP level 4. HP: 44/44 MP: 4/4
    94 | D        | Noticed Sigmund
   103 | D        | Killed Sigmund
   103 | D        | Reached ** piety under Trog
   103 | D        | Reached skill level 8 in Maces & Flails
   103 | D        | Reached XP level 5. HP: 53/53 MP: 5/5
   103 | D        | Reached XP level 6. HP: 61/61 MP: 6/6
   165 | D        | Found an ornate altar of the Wu Jian Council.
   165 | D        | Found a deep blue altar of Sif Muna.
   169 | D        | Found a radiant altar of Vehumet.
   361 | D        | Found a burning altar of Makhleb.
   361 | D        | Found a viscous altar of Jiyva.
   361 | D        | Found a shimmering altar of Xom.
   361 | D        | Found a corrupted altar of Lugonu.
   361 | D        | Noticed a slime creature
   380 | D        | HP: 3/91 [slime creature (16)]
   381 | D        | Killed a slime creature
   381 | D        | Reached skill level 10 in Maces & Flails
   628 | D        | Found Qusu Zim's Weapon Emporium.
   628 | D        | Found an ancient bone altar of Kikubaaqudgha.
   628 | D        | Found a hazy altar of Hepliaklqana.
   628 | D        | Found a stormy altar of Qazlal.
   628 | D        | Found a hide-covered altar of Uskayaw.
   628 | D        | Found a blossoming altar of Fedhas.
   628 | D        | Found a bloodstained altar of Trog.
   628 | D        | Found an iron altar of Okawaru.
   628 | D        | Found a basalt altar of Yredelemnul.
   628 | D        | Found a glowing golden altar of the Shining One.
   628 | D        | Found a snail-covered altar of Cheibriados.
   628 | D        | Found a sacrificial altar of Ru.
   628 | D        | Found a glowing silver altar of Zin.
   628 | D        | Found a shadowy altar of Dithmenos.
   628 | D        | Found a white marble altar of Elyvilon.
   628 | D        | Noticed a yak
   629 | D        | Found an opulent altar of Gozag.
   645 | D        | Killed a yak
   645 | D        | Reached *** piety under Trog
   645 | D        | Your scales start taking on a lurid green colour.
   645 | D        | Reached XP level 7. HP: 34/71 MP: 7/7
   645 | D        | Gained mutation: Your system is resistant to poisons. (rPois) [Green Draconian growth]
   646 | D        | Found a sparkling altar of Nemelex Xobeh.
   836 | D        | Noticed a centaur warrior
   836 | D        | Noticed a centaur warrior
   855 | D        | Killed a centaur warrior
   855 | D        | Reached skill level 12 in Maces & Flails
   855 | D        | Reached skill level 1 in Stealth
   855 | D        | Reached XP level 8. HP: 82/82 MP: 8/8
   862 | D        | Killed a centaur warrior
   862 | D        | Reached skill level 13 in Maces & Flails
  1103 | D        | Noticed a deep troll
  1118 | D        | Killed a deep troll
  1118 | D        | Reached skill level 14 in Maces & Flails
  1118 | D        | Reached skill level 10 in Dodging
  1118 | D        | Reached XP level 9. HP: 84/91 MP: 9/9
  1170 | D        | Found Waell's Armour Emporium.
  1187 | D        | Noticed Sonja
  1197 | D        | Killed Sonja
  1197 | D        | Reached **** piety under Trog
  1417 | D        | Noticed an oklob plant
  1429 | D        | Killed an oklob plant
  1446 | D        | Reached skill level 15 in Maces & Flails
  1494 | D        | HP: 2/93 [something (3)]
  1497 | D        | Slain by an unseen horror

Vault maps used:
D:        dungeon_sprint_1

Skill      XL: |  1  2  3  4  5  6  7  8  9 |
---------------+----------------------------+-----
Fighting       | 4 6 8 9 11 12 13 | 13.2
Maces & Flails | 4 6 8 10 12 14 15 | 15.0
Dodging        | 4 5 6 8 9 10 | 10.8
Stealth        | 1 2 3 |  3.6

Action                   |  1- 3 |  4- 6 |  7- 9 || total
-------------------------+-------+-------+-------++-------
Melee: Mace              |     7 |    45 |    45 ||    97
       Tailslap          |     1 |     8 |    11 ||    20
Invok: Berserk           |     2 |     2 |     2 ||     6
       Brothers in Arms  |       |       |     2 ||     2
 Abil: Breathe Noxious F |       |       |     6 ||     6
  Use: Potion            |       |     1 |     2 ||     3
       Scroll            |       |       |     2 ||     2
 Stab: Sleeping          |       |     1 |       ||     1
       Confused          |       |       |     2 ||     2
  Eat: Chunk             |       |     1 |     2 ||     3
       Bread ration      |       |     1 |       ||     1
Armor: Skin              |       |     3 |    18 ||    21
Dodge: Dodged            |     2 |    21 |    25 ||    48

Table legend:
 A = Spawn XP
 B = Non-spawn XP
 C = Spawn XP percentage of total XP
 D = Spawn monster count
 E = Non-spawn monster count
 F = Spawn count percentage of total count
 G = Total turns spent on level
                    A         B        C        D         E        F      G
               +---------+---------+-------+---------+---------+-------+---------
         Total |       0 |    4982 |   0.0 |       0 |      14 |   0.0 |  1497
               +---------+---------+-------+---------+---------+-------+---------
             D |       0 |    4982 |   0.0 |       0 |      14 |   0.0 |  1497
               +---------+---------+-------+---------+---------+-------+---------
